 Dungeon Crawl Stone Soup version 0.30-a0-857-gcaf70739d4 (webtiles) character file.

Game seed: 5333891039582147967

18444 octoduck the Carver (level 12, 0/89 HPs)
             Began as a White Draconian Warper on Mar 4, 2023.
             Was a High Priest of Cheibriados.
             Slain by a death yak (8 damage)
             ... in an ice cave on Mar 6, 2023.
             The game lasted 01:03:42 (14787 turns).

octoduck the Carver (White Draconian Warper)       Turns: 14787, Time: 01:03:43

Health: 0/89       AC: 18    Str: 26    XL:     12   Next: 27%
Magic:  10/17      EV: 13    Int: 28    God:    Cheibriados [*****.]
Gold:   770        SH:  5    Dex: 28    Spells: 1/18 levels left

rFire   x . .      SeeInvis +    M - +2 long sword (drain)
rCold   + + .      Faith    .    J - +0 buckler {rN+}
rNeg    + . .      Spirit   .    (body armour unavailable)
rPois   .          Reflect  .    R - +1 hat {SInv}
rElec   .          Rampage  .    z - +0 cloak {Will+}
rCorr   .                        i - +1 pair of gloves
Will    +....                    X - +1 pair of boots
Stlth   ++++                     t - amulet of magic regeneration
HPRegen 0.34/turn                v - +4 ring of protection
MPRegen 0.55/turn                P - ring of ice

@: very slow
A: breathe frost, AC +8, unfitting armour, cold resistance 1, cold-blooded
a: Breathe Frost, Renounce Religion, Bend Time, Temporal Distortion, Slouch,
Step From Time


You were in an ice cave.
You worshipped Cheibriados.
Cheibriados was extremely pleased with you.
You visited 3 branches of the dungeon, and saw 12 of its levels.
You also visited: Ossuary, Bailey and Ice Cave.

You collected 798 gold pieces.
You spent 28 gold pieces at shops.

Inventory:

Hand Weapons
 a - a +0 falchion of flaming
 M - a +2 long sword of draining (weapon)
 Y - a +0 sling of flaming
Missiles
 c - 7 boomerangs of dispersal
 l - 2 atropa-tipped darts
 o - 24 poisoned darts (quivered)
 H - 9 boomerangs
 K - 4 throwing nets
Armour
 i - a +1 pair of gloves (worn)
 s - a +0 kite shield
 z - a +0 cloak of willpower (worn)
 J - a +0 buckler of positive energy (worn)
 R - a +1 hat of see invisible (worn)
 X - a +1 pair of boots (worn)
Jewellery
 g - a +4 ring of protection
 p - the ring of Heocadd {Fly rF++ rC- Str+6}
   (You found it on level 2 of the Dungeon)

   [ring of strength]

   Str:       It affects your strength (+6).
   rF:        It greatly protects you from fire.
   rC:        It makes you vulnerable to cold.
   Fly:       It grants you flight.
 t - an amulet of magic regeneration (around neck)
 v - a +4 ring of protection (left hand)
 C - a +5 ring of evasion
 G - a ring of fire
 P - a ring of ice (right hand)
 T - a +5 ring of evasion
 W - an amulet of guardian spirit
Wands
 x - a wand of roots (2)
 N - a wand of quicksilver (5)
 S - a wand of paralysis (9)
Scrolls
 b - 2 scrolls of blinking
 e - 4 scrolls of brand weapon
 f - 4 scrolls of poison
 n - a scroll of immolation {unknown}
 r - 5 scrolls of fog
 u - a scroll of enchant weapon {unknown}
 w - a scroll of summoning
 y - a scroll of torment {unknown}
 A - 2 scrolls of enchant armour
 D - 4 scrolls of teleportation
 F - 2 scrolls of amnesia
 I - a scroll of magic mapping
 Q - a scroll of silence {unknown}
 V - a scroll of acquirement {unknown}
Potions
 d - 2 potions of magic
 h - 6 potions of mutation
 j - 2 potions of attraction
 k - a potion of resistance {unknown}
 m - 3 potions of brilliance
 q - 6 potions of curing
 B - a potion of heal wounds {unknown}
 E - 2 potions of cancellation
 L - a potion of lignification {unknown}
 O - a potion of might {unknown}
 U - a potion of flight {unknown}


   Skills:
 + Level 3.0 Fighting
 - Level 14.0 Long Blades
 - Level 0.8 Throwing
 + Level 2.7 Dodging
 - Level 5.4 Stealth
 - Level 3.6 Spellcasting
 - Level 4.3 Conjurations
 - Level 7.6 Translocations
 - Level 6.9 Air Magic
 + Level 2.5 Poison Magic
 - Level 7.6 Invocations


You had one spell level left.
You knew the following spells:

 Your Spells              Type           Power      Damage    Failure   Level
a - Vhi's Electric Charg  Tloc/Air       90%        N/A       1%          3
b - Teleport Other        Tloc           47%        N/A       1%          3
c - Manifold Assault      Tloc           47%        N/A       4%          4
d - Lesser Beckoning      Tloc           94%        N/A       1%          2
e - Blink                 Tloc           94%        N/A       1%          2
f - Mephitic Cloud        Conj/Pois/Air  30%        N/A       4%          3

Your spell library contained the following spells:

 Spells                   Type           Power      Damage    Failure   Level
 Apportation              Tloc           94%        N/A       1%          1
 Necrotise                Necr           20%        1d5       11%         1
 Slow                     Hex            20%        N/A       11%         1
 Summon Small Mammal      Summ           20%        N/A       11%         1
 Swiftness                Air            43%        N/A       1%          3
 Poisonous Vapours        Pois/Air       62%        N/A       2%          2
 Cigotuvi's Dreadful Rot  Necr/Pois/Air  44%        N/A       4%          2
 Portal Projectile        Hex/Tloc       52%        N/A       7%          3
 Ensorcelled Hibernation  Hex/Ice        14%        N/A       16%         2
 Passwall                 Tmut/Erth      4%         N/A       16%         2
 Call Canine Familiar     Summ           5%         N/A       32%         3
 Confusing Touch          Hex            5%         N/A       32%         3
 Tukima's Dance           Hex            5%         N/A       32%         3
 Vampiric Draining        Necr           5%         2d6       32%         3
 Leda's Liquefaction      Hex/Erth       2%         N/A       71%         4
 Blade Hands              Tmut           2%         N/A       96%         5


Dungeon Overview and Level Annotations

Branches:
Dungeon (9/15)             Temple (1/1) D:6            Lair (2/5) D:8
Ossuary (visited)          Bailey (visited)           IceCv (1/1)
  Swamp: Lair:2-3    Shoals: Lair:2-3     Snake: Lair:2-3    Spider: Lair:2-3
    Orc: D:9-12

Altars:
Ashenzari
Cheibriados
Dithmenos
Elyvilon
Fedhas
Gozag
Hepliaklqana
Kikubaaqudgha
Makhleb
Nemelex Xobeh
Okawaru
Qazlal
Ru
Sif Muna
Trog
Uskayaw
Vehumet
Wu Jian
Xom
Yredelemnul
Zin
The Shining One

Shops:
D:3 *   D:8 *

Annotations:
D:5 1 runed translucent door, zenocrate's ghost, novice OpTm
D:9 6 transporters


Innate Abilities, Weirdness & Mutations

You can breathe waves of freezing cold which knock back foes.
Your icy white scales are hard. (AC +8)
You cannot fit into any form of body armour.
Your flesh is cold resistant. (rC+)
You are cold-blooded and may be slowed by cold attacks.


Message History

The death yak attacks as you move away! The death yak gores you.
The death yak barely misses you.
The death yak snorts and paws the ground.
The death yak gores you but does no damage.
Aiming: Fastroot
Press: ? - help, Shift-Dir - straight line
Okay, then.
The death yak attacks as you move away! The death yak closely misses you.
The death yak gores you but does no damage.
The death yak attacks as you move away! The death yak gores you!
* * * LOW HITPOINT WARNING * * *
The death yak seems less drained.
The death yak misses you.
Casting: Mephitic Cloud (dangerous; 4% risk of failure)
Confirm with . or Enter, or press ? or * to list all spells.
Aiming: Teleport Other (safe; 1% risk of failure)
Press: ? - help, Shift-Dir - straight line, f - death yak
Aim: a death yak (lightly wounded, chance to affect: 15%)
The death yak resists with almost no effort.
The death yak gores you.
* * * LOW HITPOINT WARNING * * *
Casting: Teleport Other (safe; 1% risk of failure)
Confirm with . or Enter, or press ? or * to list all spells.
Aiming: Teleport Other (safe; 1% risk of failure)
Press: ? - help, Shift-Dir - straight line, f/p - death yak
Aim: a death yak (lightly wounded, chance to affect: 15%)
The death yak resists with almost no effort.
The death yak barely misses you.
Casting: Teleport Other (safe; 1% risk of failure)
Confirm with . or Enter, or press ? or * to list all spells.
Aiming: Teleport Other (safe; 1% risk of failure)
Press: ? - help, Shift-Dir - straight line, f/p - death yak
Aim: a death yak (lightly wounded, chance to affect: 15%)
The death yak resists with almost no effort.
The death yak gores you!
* * * LOW HITPOINT WARNING * * *
The death yak barely misses you.
As you read the scroll of summoning, it crumbles to dust.
Wisps of shadow whirl around you... The death yak gores you!
You die...

##### ###Y..##
##..Y@hh#
##...##hh#
###...##.h.#
##.††####.h##
#...####...# #
##..# #....#
#. #..####..∩#
#..
###..##∩..##
#..#.....#####


You could see 2 death yaks, a friendly polar bear (summoned) and 5 friendly
wolves.

Vanquished Creatures
  Gastronok (D:8)
  3 two-headed ogres
  A death yak (IceCv)
  Urug (Lair:1)
  A skyshark (Lair:2)
  Amaemon (D:7)
  An orc knight (Bailey)
  2 deep elf pyromancers
  A black mamba (Lair:1)
  2 cane toads (Lair:1)
  Maggie (D:8)
  An orange demon (D:8)
  3 hornets
  Grinder (D:5)
  Prince Ribbit (D:8)
  3 blink frogs (Lair:1)
  5 wyverns
  A vampire (D:7)
  17 yaks
  3 steam dragons
  Duvessa (D:7)
  8 water moccasins
  5 orc warriors (Bailey)
  A sky beast (D:8)
  2 ice beasts
  2 black bears (D:6)
  4 wolves
  3 centaurs
  2 kobold brigands
  2 elf zombies (Ossuary)
  9 bullfrogs
  2 gnoll sergeants (D:9)
  A scorpion (D:5)
  Dowan (D:7)
  A wight (D:8)
  16 killer bees
  A howler monkey (D:5)
  The ghost of hgbash the Conjurer, a weakling DECj (D:3)
  2 centaur zombies (Ossuary)
  2 jellies
  6 orc priests
  2 gnoll boudas
  3 hounds
  2 human zombies (Ossuary)
  Crazy Yiuf (D:3)
  A sleepcap (D:7)
  3 iguanas
  10 orc wizards
  2 mummies (Ossuary)
  9 adders
  17 gnolls
  3 shadow imps
  An ufetubus (D:4)
  An adder zombie (Ossuary)
  2 dart slugs (D:5)
  35 orcs
  5 endoplasms
  3 giant cockroaches
  9 goblins
  7 hobgoblins
  9 jackals (D:1)
  4 quokkas
  3 ball pythons (D:1)
  6 bats
  2 frilled lizards
  A goblin zombie (Ossuary)
  9 hobgoblin zombies (Ossuary)
  13 kobolds
  9 kobold zombies (Ossuary)
  9 orc zombies (Ossuary)
  8 rats
  2 rat zombies (Ossuary)
313 creatures vanquished.

Vanquished Creatures (others)
  A bullfrog (D:7)
  4 fungi (D:8)
  16 plants
21 creatures vanquished.

Grand Total: 334 creatures vanquished

Notes
Turn   | Place    | Note
-------+----------+-------------------------------------------
     0 | D:1      | octoduck the Draconian Warper began the quest for the Orb.
     0 | D:1      | Reached XP level 1. HP: 17/17 MP: 3/3
   281 | D:1      | Reached XP level 2. HP: 24/24 MP: 5/5
   493 | D:1      | Reached skill level 3 in Long Blades
   969 | D:1      | Reached XP level 3. HP: 26/29 MP: 6/6
  1384 | D:2      | Found a stormy altar of Qazlal.
  1402 | D:2      | Learned a level 3 spell: Vhi's Electric Charge
  1426 | D:2      | Reached skill level 4 in Long Blades
  1434 | D:2      | Identified the ring of Heocadd {Fly rF++ rC- Str+6}
  1776 | D:2      | Reached XP level 4. HP: 36/36 MP: 7/7
  2084 | D:3      | Found a transporter.
  2090 | D:3      | Noticed hgbash's ghost (weakling DECj)
  2100 | D:3      | Found a transporter.
  2196 | D:3      | Reached skill level 1 in Air Magic
  2358 | D:3      | Found a runed translucent door.
  2359 | D:3      | Noticed Crazy Yiuf
  2660 | D:3      | Reached XP level 5. HP: 14/41 MP: 8/8
  2872 | D:3      | Found Astuv Vamua's General Store.
  2876 | D:3      | Bought a scroll of identify for 28 gold pieces
  3169 | D:4      | Learned a level 3 spell: Teleport Other
  3901 | D:4      | Reached skill level 5 in Long Blades
  4145 | D:5      | Entered Level 5 of the Dungeon
  4203 | D:5      | Reached XP level 6. HP: 48/48 MP: 9/9
  4216 | D:5      | Found a sand-covered staircase.
  4235 | Ossuary  | Entered an ossuary
  4350 | Ossuary  | Learned a level 3 spell: Swiftness
  4552 | Ossuary  | Reached skill level 6 in Long Blades
  4679 | Ossuary  | Your scales start taking on an icy white colour.
  4679 | Ossuary  | Reached XP level 7. HP: 55/55 MP: 10/10
  4679 | Ossuary  | Gained mutation: Your flesh is cold resistant. (rC+) [White
                  | Draconian growth]
  5045 | D:5      | Found a runed translucent door.
  5048 | D:5      | Noticed zenocrate's ghost (novice OpTm)
  5582 | D:5      | Noticed Grinder
  5597 | D:5      | Paralysed by Grinder for 5 turns
  5604 | D:5      | Killed Grinder
  5605 | D:5      | Reached skill level 7 in Long Blades
  5605 | D:5      | Reached skill level 5 in Translocations
  5633 | D:5      | Reached XP level 8. HP: 53/61 MP: 9/11
  5995 | D:3      | Killed Crazy Yiuf
  6070 | D:3      | Killed hgbash's ghost
  6244 | D:6      | Found a staircase to the Ecumenical Temple.
  6266 | Temple   | Entered the Ecumenical Temple
  6315 | Temple   | Became a worshipper of Cheibriados the Contemplative
  6526 | D:6      | Found a sacrificial altar of Ru.
  6569 | D:6      | Reached skill level 8 in Long Blades
  7263 | D:7      | Reached * piety under Cheibriados
  7264 | D:7      | Reached skill level 1 in Invocations
  7295 | D:6      | Reached skill level 9 in Long Blades
  7310 | D:6      | Reached XP level 9. HP: 65/67 MP: 12/12
  7380 | D:7      | Found a flagged portal.
  7407 | Bailey   | Entered a bailey
  7527 | Bailey   | Reached ** piety under Cheibriados
  7554 | Bailey   | Noticed an orc knight
  7587 | Bailey   | Killed an orc knight
  7588 | Bailey   | Reached skill level 10 in Long Blades
  7778 | Bailey   | Found a large runed translucent door.
  7778 | Bailey   | Found a large runed translucent door.
  7779 | Bailey   | Noticed a deep elf pyromancer
  7858 | Bailey   | Killed a deep elf pyromancer
  7859 | Bailey   | Reached skill level 11 in Long Blades
  7859 | Bailey   | Reached skill level 5 in Invocations
  7999 | Bailey   | Identified the +1 robe of the Bard {rPois}
  8066 | D:7      | Upgraded the game from 0.30-a0-847-g17996783a1 to
                  | 0.30-a0-857-gcaf70739d4
  8225 | D:7      | Paralysed by a hornet for 3 turns
  8236 | D:7      | Reached XP level 10. HP: 43/73 MP: 14/14
  8423 | D:7      | Noticed Dowan
  8592 | D:7      | Noticed a deep elf pyromancer
  8610 | D:7      | Killed a deep elf pyromancer
  8611 | D:7      | Reached skill level 12 in Long Blades
  8854 | D:7      | Noticed Duvessa
  8858 | D:7      | Killed Duvessa
  8859 | D:7      | Found an ornate altar of the Wu Jian Council.
  8859 | D:7      | Killed Dowan
  8866 | D:7      | Identified the +2 robe of Quiet Fog {Str+6 Dex+2}
  8909 | D:8      | Noticed Amaemon
  8909 | D:8      | Noticed an orange demon
  8952 | D:8      | Reached *** piety under Cheibriados
  8954 | D:8      | Noticed a two-headed ogre
  8995 | D:8      | Found a staircase to the Lair.
  9183 | D:7      | Learned a level 4 spell: Manifold Assault
  9205 | D:8      | Reached skill level 13 in Long Blades
  9212 | D:7      | Learned a level 2 spell: Lesser Beckoning
  9553 | D:8      | Noticed Gastronok
  9565 | D:8      | HP: 2/73 [Gastronok/the air (17)]
  9880 | D:8      | Noticed Maggie
  9938 | D:8      | Killed Maggie
 10018 | D:7      | Killed Amaemon
 10019 | D:7      | Reached skill level 14 in Long Blades
 10019 | D:7      | Reached XP level 11. HP: 33/79 MP: 10/15
 10328 | D:8      | Found Oggon's CLEARANCE SALE!.
 10383 | D:8      | Noticed a two-headed ogre
 10406 | D:8      | Killed a two-headed ogre
 10470 | D:8      | Reached **** piety under Cheibriados
 10476 | D:8      | Learned a level 2 spell: Blink
 10484 | D:8      | Noticed Prince Ribbit
 10516 | D:8      | Killed Prince Ribbit
 10789 | D:8      | Killed Gastronok
 10790 | D:8      | Reached skill level 5 in Air Magic
 10924 | D:8      | Killed a two-headed ogre
 11047 | D:8      | Found a basalt altar of Yredelemnul.
 11272 | D:8      | Learned a level 3 spell: Mephitic Cloud
 11521 | D:9      | Reached skill level 1 in Conjurations
 11576 | D:9      | Found a hide-covered altar of Uskayaw.
 11582 | D:9      | Reached ***** piety under Cheibriados
 11719 | D:9      | Found a transporter.
 11726 | D:9      | Found a transporter.
 11733 | D:9      | Found a transporter.
 11737 | D:9      | Found a transporter.
 11795 | D:9      | Reached skill level 1 in Stealth
 12161 | D:9      | Found a transporter.
 12163 | D:9      | Found a transporter.
 12533 | D:9      | Noticed a two-headed ogre
 12542 | D:9      | Killed a two-headed ogre
 12894 | Lair:1   | Entered Level 1 of the Lair of Beasts
 13450 | Lair:1   | Reached XP level 12. HP: 83/85 MP: 17/17
 13522 | Lair:1   | Reached skill level 5 in Stealth
 13859 | Lair:1   | Noticed Urug
 13866 | Lair:1   | Killed Urug
 14421 | Lair:2   | Found a frozen archway.
 14421 | Lair:2   | Noticed a seven-headed hydra
 14500 | Lair:2   | Reached skill level 1 in Poison Magic
 14641 | IceCv    | Entered an ice cave
 14758 | IceCv    | Noticed a death yak
 14759 | IceCv    | Noticed a death yak
 14762 | IceCv    | Noticed a death yak
 14775 | IceCv    | Killed a death yak
 14787 | IceCv    | Slain by a death yak

Illustrated notes

Levels and vault maps discovered:
D:1:      dpeg_arrival_arbitrary_b, layout_basic, minmay_pentomino_o4
D:2:      layout_rooms, basic_altar, hangedman_decor_opposing,
          kennysheep_generic_room_15
D:3:      layout_basic, serial_shops, shop_fountains, gammafunk_ghost_arena,
          kennysheep_crisscross, uniq_crazy_yiuf_cottage
D:4:      layout_basic, nicolae_underground_beach
D:5:      layout_cave_pools, chequers_ossuary_entry_cave, serial_rivers,
          chequers_serial_rivers_marsh, chequers_serial_rivers_room_b,
          chequers_serial_rivers_micro_c, chequers_serial_rivers_small_b,
          chequers_serial_rivers_micro_e, hellmonk_ghost_happy_afterlife,
          uniq_grinder
D:6:      layout_basic, mainiacjoe_overflow_cross_hatched,
          minmay_temple_entry_statues
D:7:      minmay_cornered_nines, layout_rooms, nzn_wu_jian_council_hall,
          enter_bailey_7, uniq_duvessa
D:8:      minmay_the_grid_square_5x5_3x3 [minmay_the_grid_square_5x5_eight,
          minmay_the_grid_square_5x5_beaten_path,
          minmay_the_grid_square_5x5_inner_z,
          minmay_the_grid_square_5x5_inverted_slash,
          minmay_the_grid_square_5x5_megaprize_hollow,
          minmay_the_grid_square_5x5_almost_minimal,
          minmay_the_grid_square_5x5_shrine1,
          minmay_the_grid_square_5x5_checkered_statues,
          minmay_the_grid_square_5x5_misaligned], layout_cave_pools,
          minmay_lair_entry_grove, nicolae_shop_clearance, uniq_gastronok,
          uniq_prince_ribbit1, uniq_amaemon, uniq_maggie
D:9:      layout_basic, amcnicky_altar_gilded, nrook_mini_vaults,
          serial_nicolae_subway, nicolae_sub_station_metal,
          nicolae_sub_station_stone, nicolae_sub_station_crystal
Temple:   hellmonk_temple_of_storms
Lair:1:   layout_cave_pods, st_stairs_9, uniq_urug
Lair:2:   layout_layer_cave, portal_ice_cave_entry_pillars_1
IceCv:    ice_cave_caverns_03

Skill      XL: |  1  2  3  4  5  6  7  8  9 10 11 12 |
---------------+-------------------------------------+-----
Long Blades    | 3 4 5 6 7 9 11 14 | 14.0
Air Magic      | 1 2 3 4 6 |  6.9
Translocations | 4 5 6 7 |  7.6
Invocations    | 2 5 6 7 |  7.6
Spellcasting   | 3 |  3.6
Conjurations   | 3 4 |  4.3
Stealth        | 4 5 |  5.4
Poison Magic   | 2 |  2.5
Fighting       | 3 |  3.0
Throwing       | |  0.8
Dodging        | |  2.7

Action                     |  1- 3 |  4- 6 |  7- 9 | 10-12 || total
---------------------------+-------+-------+-------+-------++-------
  Melee: Falchion          |   136 |   269 |   121 |    22 ||   548
         Tailslap          |    13 |    43 |    52 |    87 ||   195
         Punch             |     1 |     4 |     3 |       ||     8
         Long sword        |       |       |   216 |   477 ||   693
  Throw: Dart              |       |       |       |     7 ||     7
   Cast: Vhi's Electric Ch |       |     6 |    29 |    30 ||    65
         Teleport Other    |       |       |     4 |    11 ||    15
         Swiftness         |       |       |     3 |       ||     3
         Manifold Assault  |       |       |       |    34 ||    34
         Lesser Beckoning  |       |       |       |     7 ||     7
         Mephitic Cloud    |       |       |       |     4 ||     4
         Blink             |       |       |       |     1 ||     1
Ability: Breathe Frost     |       |       |    10 |     3 ||    13
  Evoke: Wand              |       |     1 |     6 |     4 ||    11
    Use: Scroll            |     6 |     3 |     4 |     6 ||    19
         Potion            |       |     1 |       |     1 ||     2
   Stab: Sleeping          |     1 |     1 |       |     1 ||     3
         Confused          |       |       |       |     2 ||     2
 Armour: Skin              |    66 |   129 |   142 |   148 ||   485
  Dodge: Dodged            |   103 |   220 |   339 |   367 ||  1029
  Block: Buckler           |       |       |    58 |    91 ||   149

Table legend: (Time is in decaauts)
 A = Elapsed time spent in this place.
 B = Non-inter-level travel time spent in this place.
 C = Inter-level travel time spent in this place.
 D = Time resting spent in this place.
 E = Time spent auto-exploring this place.
 F = Levels seen in this place.
 G = Mean time per level.
                   A        B        C        D        E       F      G
               +--------+--------+--------+--------+--------+-----+--------+
         Total |  17736 |  15906 |   1830 |   4460 |   6788 |  15 | 1182.4 |
       Dungeon |  13416 |  11973 |   1443 |   3302 |   5639 |   9 | 1490.7 |
        Temple |     66 |     35 |     31 |      0 |     18 |   1 |   66.0 |
          Lair |   2619 |   2264 |    355 |    557 |   1064 |   2 | 1309.5 |
       Ossuary |    703 |    703 |      0 |    276 |     59 |   1 |  703.0 |
        Bailey |    762 |    762 |      0 |    257 |      7 |   1 |  762.0 |
      Ice Cave |    168 |    168 |      0 |     68 |      0 |   1 |  168.0 |
               +--------+--------+--------+--------+--------+-----+--------+

Top non-repeatable levels by time:
     D:9: 2426 daAuts
  Lair:1: 2306 daAuts
     D:7: 2261 daAuts
     D:8: 1959 daAuts
     D:1: 1330 daAuts
     D:4: 1180 daAuts
     D:3: 1170 daAuts
     D:6: 1132 daAuts
     D:5: 1115 daAuts
     D:2: 838 daAuts
  Bailey: 762 daAuts
 Ossuary: 703 daAuts
  Lair:2: 313 daAuts
   IceCv: 168 daAuts
  Temple: 66 daAuts
